BR (22 & UNDER)
PUNTA CANA HUTIAS @ CORONADO ECLIPSE
07/30/2028
 
TOP OF THE 1ST
Punta Cana Hutias batting - Pitching for Coronado Eclipse : RHP Harry Robinson
Pitching: RHP Harry Robinson
Batting: RHB Argan Kamuliva 0-0: Called Strike
0-1: Ball
1-1: Fly out, F8 (Flyball, 8LS)
Batting: LHB Juan Rodríguez 0-0: Ground out 1-3 (Groundball, 13S)
Batting: LHB Dave Watkins 0-0: Fly out, F8 (Flyball, 8LD)
Top of the 1st over - 0 run(s), 0 hit(s), 0 error(s), 0 left on base; Punta Cana 0 - Coronado 0
BOTTOM OF THE 1ST
Coronado Eclipse batting - Pitching for Punta Cana Hutias : LHP Guillermo López
Pitching: LHP Guillermo López
Batting: RHB Jesús Pérez 0-0: Ball
1-0: Ball
2-0: Ball
3-0: Base on Balls
Batting: RHB Mario Barker 0-0: Ball
1-0: Ball
2-0: Ball
3-0: Base on Balls
Jesús Pérez to second
Batting: RHB Luis López 0-0: Fly out, F9 (Flyball, 89S)
Batting: RHB Joel Hebert 0-0: Called Strike
Jesús Pérez steals 3rd base
Mario Barker to second
0-1: Fly out, F8 (Line Drive, 89D)
Runner from 3rd tags up, SCORES, no throw
Batting: RHB Luis Samaripa 0-0: Called Strike
0-1: Ball
1-1: SINGLE (Groundball, 34D)
Mario Barker to third
Runner from 3rd tries for Home, SAFE, no throw
Batting: RHB Júlio Núńez 0-0: Ball
1-0: Ball
2-0: Foul Ball, location: 2F
2-1: Swinging Strike
2-2: Strikes out looking
Bottom of the 1st over - 2 run(s), 1 hit(s), 0 error(s), 1 left on base; Punta Cana 0 - Coronado 2
TOP OF THE 2ND
Punta Cana Hutias batting - Pitching for Coronado Eclipse : RHP Harry Robinson
Batting: RHB Mike Martínez 0-0: Called Strike
0-1: Foul Ball, location: 2F
0-2: Ball
1-2: Strikes out looking
Batting: LHB Luis García 0-0: Ball
1-0: Ball
2-0: Called Strike
2-1: Foul Ball, location: 2F
2-2: Fly out, F8 (Flyball, 8RM)
Batting: RHB Ricardo Murillo 0-0: Swinging Strike
0-1: Ball
1-1: Swinging Strike
1-2: Ball
2-2: Ball
3-2: Fly out, F6 (Popup, 6S)
Top of the 2nd over - 0 run(s), 0 hit(s), 0 error(s), 0 left on base; Punta Cana 0 - Coronado 2
BOTTOM OF THE 2ND
Coronado Eclipse batting - Pitching for Punta Cana Hutias : LHP Guillermo López
Batting: RHB Phil Martin 0-0: Called Strike
0-1: Ground out 5-3 (Groundball, 5)
Batting: RHB Javier Hernández 0-0: Ball
1-0: Foul Ball, location: 2F
1-1: Ball
2-1: Ball
3-1: Foul Ball, location: 2F
3-2: Foul Ball, location: 2F
3-2: Ground out 6-3 (Groundball, 6D)
Batting: RHB Bill Petty 0-0: Foul Ball, location: 2F
0-1: Ball
1-1: Fly out, F8 (Flyball, 8RD)
Bottom of the 2nd over - 0 run(s), 0 hit(s), 0 error(s), 0 left on base; Punta Cana 0 - Coronado 2
TOP OF THE 3RD
Punta Cana Hutias batting - Pitching for Coronado Eclipse : RHP Harry Robinson
Batting: RHB Vicente Rosales 0-0: Ball
1-0: DOUBLE (Line Drive, 78XD)
Batting: SHB Brian Jackson 0-0: Called Strike
0-1: Foul Ball, location: 2F
0-2: Ball
1-2: Strikes out swinging
Batting: RHB Stephen Welshman 0-0: Ball
1-0: Ball
2-0: Called Strike
2-1: Ground out 5-3 (Groundball, 56S)
Vicente Rosales to third
Batting: RHB Argan Kamuliva 0-0: Ball
1-0: Swinging Strike
1-1: Swinging Strike
1-2: Strikes out swinging
Top of the 3rd over - 0 run(s), 1 hit(s), 0 error(s), 1 left on base; Punta Cana 0 - Coronado 2
BOTTOM OF THE 3RD
Coronado Eclipse batting - Pitching for Punta Cana Hutias : LHP Guillermo López
Batting: RHB Jesús Pérez 0-0: Called Strike
0-1: SINGLE (Line Drive, 78S)
Batting: RHB Mario Barker 0-0: Called Strike
Jesús Pérez steals 2nd base
0-1: Ball
1-1: Foul Ball, location: 2F
1-2: Foul Ball, location: 2F
1-2: Ball
2-2: Ground out U3 (Groundball, 34S)
Jesús Pérez to third
Batting: RHB Luis López 0-0: Fly out, F9 (Flyball, 9S)
Batting: RHB Joel Hebert 0-0: Called Strike
0-1: Ground out 4-3 (Groundball, 4M)
Bottom of the 3rd over - 0 run(s), 1 hit(s), 0 error(s), 1 left on base; Punta Cana 0 - Coronado 2
TOP OF THE 4TH
Punta Cana Hutias batting - Pitching for Coronado Eclipse : RHP Harry Robinson
Batting: LHB Juan Rodríguez 0-0: Ground out 3-1 (Groundball, 3S)
Batting: LHB Dave Watkins 0-0: Ball
1-0: Fly out, F8 (Flyball, 8LD)
Batting: RHB Mike Martínez 0-0: Swinging Strike
0-1: Ball
1-1: Fly out, F9 (Flyball, 89S)
Top of the 4th over - 0 run(s), 0 hit(s), 0 error(s), 0 left on base; Punta Cana 0 - Coronado 2
BOTTOM OF THE 4TH
Coronado Eclipse batting - Pitching for Punta Cana Hutias : LHP Guillermo López
Batting: RHB Luis Samaripa 0-0: Ball
1-0: Called Strike
1-1: Fly out, F9 (Flyball, 9S)
Batting: RHB Júlio Núńez 0-0: Fly out, F8 (Flyball, 8RD)
Batting: RHB Phil Martin 0-0: Ball
1-0: Foul Ball, location: 2F
1-1: Ground out 6-3 (Groundball, 6S)
Bottom of the 4th over - 0 run(s), 0 hit(s), 0 error(s), 0 left on base; Punta Cana 0 - Coronado 2
TOP OF THE 5TH
Punta Cana Hutias batting - Pitching for Coronado Eclipse : RHP Harry Robinson
Batting: LHB Luis García 0-0: Ball
1-0: Foul Ball, location: 2F
1-1: Called Strike
1-2: Strikes out swinging
Batting: RHB Ricardo Murillo 0-0: Ball
1-0: Ball
2-0: Called Strike
2-1: Ground out 5-3 (Groundball, 5)
Batting: RHB Vicente Rosales 0-0: Called Strike
0-1: Called Strike
0-2: Foul Ball, location: 2F
0-2: Ball
1-2: Foul Ball, location: 2F
1-2: Foul Ball, location: 2F
1-2: Ball
2-2: Foul Ball, location: 2F
2-2: Foul Ball, location: 2F
2-2: Strikes out looking
Top of the 5th over - 0 run(s), 0 hit(s), 0 error(s), 0 left on base; Punta Cana 0 - Coronado 2
BOTTOM OF THE 5TH
Coronado Eclipse batting - Pitching for Punta Cana Hutias : LHP Guillermo López
Batting: RHB Javier Hernández 0-0: Foul Ball, location: 2F
0-1: Ball
1-1: Ball
2-1: Ball
3-1: Called Strike
3-2: Base on Balls
Batting: RHB Bill Petty 0-0: Ball
1-0: SINGLE (Flyball, 9LS)
Javier Hernández to second
Runner from 2nd tries for 3rd, SAFE, no throw
Batting: RHB Jesús Pérez 0-0: Ball
1-0: Fielders Choice at 2nd, 1-6 (Groundball, P)
Batting: RHB Mario Barker 0-0: Ball
1-0: Swinging Strike
1-1: Foul Ball, location: 2F
1-2: Foul Ball, location: 2F
1-2: SINGLE (Line Drive, 89S)
Javier Hernández scores
Jesús Pérez to second
Runner from 2nd tries for 3rd, SAFE, no throw
Batting: RHB Luis López 0-0: Fly out, F9 (Flyball, 89M)
Runner from 3rd tags up, SCORES, no throw
Batting: RHB Joel Hebert 0-0: Fielders Choice at 2nd, 6-4 (Groundball, 6)
Bottom of the 5th over - 2 run(s), 2 hit(s), 0 error(s), 0 left on base; Punta Cana 0 - Coronado 4
TOP OF THE 6TH
Punta Cana Hutias batting - Pitching for Coronado Eclipse : RHP Harry Robinson
Batting: SHB Brian Jackson 0-0: Called Strike
0-1: Fly out, F7 (Flyball, 7)
Batting: RHB Stephen Welshman 0-0: Foul Ball, location: 2F
0-1: Swinging Strike
0-2: Ball
1-2: Strikes out swinging
Batting: RHB Argan Kamuliva 0-0: Ball
1-0: Ground out 6-3 (Groundball, 6)
Top of the 6th over - 0 run(s), 0 hit(s), 0 error(s), 0 left on base; Punta Cana 0 - Coronado 4
BOTTOM OF THE 6TH
Coronado Eclipse batting - Pitching for Punta Cana Hutias : LHP Guillermo López
Batting: RHB Luis Samaripa 0-0: Ball
1-0: SINGLE (Line Drive, 78M)
Batting: RHB Júlio Núńez 0-0: Ball
1-0: Ball
2-0: Called Strike
2-1: SINGLE (Line Drive, 9S)
Luis Samaripa to second
Batting: RHB Phil Martin 0-0: Grounds into double play, 6-4-3 (Groundball, 6)
Luis Samaripa to third
Pitching: LHP Víctor Morales
Batting: RHB Javier Hernández 0-0: Foul Ball, location: 2F
0-1: Foul Ball, location: 2F
0-2: Strikes out looking
Bottom of the 6th over - 0 run(s), 2 hit(s), 0 error(s), 1 left on base; Punta Cana 0 - Coronado 4
TOP OF THE 7TH
Punta Cana Hutias batting - Pitching for Coronado Eclipse : RHP Harry Robinson
Batting: LHB Juan Rodríguez 0-0: Ground out 4-3 (Groundball, 4)
Batting: LHB Dave Watkins 0-0: Ball
1-0: Ground out 6-3 (Groundball, 6)
Batting: RHB Mike Martínez 0-0: Swinging Strike
0-1: Ground out 4-3 (Groundball, 4)
Top of the 7th over - 0 run(s), 0 hit(s), 0 error(s), 0 left on base; Punta Cana 0 - Coronado 4
BOTTOM OF THE 7TH
Coronado Eclipse batting - Pitching for Punta Cana Hutias : LHP Víctor Morales
Batting: RHB Bill Petty 0-0: Ball
1-0: Called Strike
1-1: Foul Ball, location: 2F
1-2: Ground out 5-3 (Groundball, 56)
Batting: RHB Jesús Pérez 0-0: Ball
1-0: Ball
2-0: Ball
3-0: Base on Balls
Batting: RHB Mario Barker 0-0: Called Strike
0-1: Foul Ball, location: 2F
0-2: Fly out, F9 (Flyball, 89M)
Batting: RHB Luis López 0-0: Called Strike
0-1: Called Strike
0-2: Fielders Choice at 2nd, 4-6 (Groundball, 4)
Bottom of the 7th over - 0 run(s), 0 hit(s), 0 error(s), 0 left on base; Punta Cana 0 - Coronado 4
TOP OF THE 8TH
Punta Cana Hutias batting - Pitching for Coronado Eclipse : RHP Harry Robinson
Batting: LHB Luis García 0-0: Called Strike
0-1: Ball
1-1: Fly out, F7 (Flyball, 7LM)
Batting: RHB Ricardo Murillo 0-0: SINGLE (Groundball, 6MD)
Batting: RHB Vicente Rosales 0-0: Called Strike
0-1: Grounds into double play, 1-6-3 (Groundball, 13)
Top of the 8th over - 0 run(s), 1 hit(s), 0 error(s), 0 left on base; Punta Cana 0 - Coronado 4
BOTTOM OF THE 8TH
Coronado Eclipse batting - Pitching for Punta Cana Hutias : LHP Víctor Morales
Batting: RHB Joel Hebert 0-0: Called Strike
0-1: Ball
1-1: Called Strike
1-2: Ball
2-2: Strikes out swinging
Batting: RHB Luis Samaripa 0-0: Ground out 6-3 (Groundball, 6)
Batting: RHB Júlio Núńez 0-0: Ball
1-0: Ball
2-0: Foul Ball, location: 2F
2-1: Fly out, F6 (Popup, 6M)
Bottom of the 8th over - 0 run(s), 0 hit(s), 0 error(s), 0 left on base; Punta Cana 0 - Coronado 4
TOP OF THE 9TH
Punta Cana Hutias batting - Pitching for Coronado Eclipse : RHP Harry Robinson
Batting: SHB Brian Jackson 0-0: Hit by Pitch
Batting: RHB Stephen Welshman 0-0: Foul Ball, location: 2F
0-1: Fly out, F8 (Flyball, 89D)
Pitching: RHP Duane Deal
Batting: RHB Argan Kamuliva 0-0: Ball
1-0: Ball
2-0: Ball
3-0: Base on Balls
Brian Jackson to second
Pitching: RHP Paul McGowan
Batting: LHB Juan Rodríguez 0-0: Foul Ball, location: 2F
0-1: Fielders Choice at 2nd, 3-6 (Groundball, 34)
Brian Jackson to third
Batting: LHB Dave Watkins 0-0: SINGLE (Groundball, 4MD)
Brian Jackson scores
Juan Rodríguez to second
Batting: RHB Mike Martínez 0-0: Called Strike
0-1: Ball
1-1: Fielders Choice at 2nd, 6-4 (Groundball, 6)
Top of the 9th over - 1 run(s), 1 hit(s), 0 error(s), 1 left on base; Punta Cana 1 - Coronado 4
Tuesday, August 8th, 2017 - OOTP Baseball 17.12 Build 75